Map: Nightshade LE

Players

Stats

  • Race: Protoss Protoss
  • Spawn Location: 5:00

Has - Winner!

  • Race: Protoss Protoss
  • Spawn Location: 11:00

Event: IEM Katowice 2020

VOD

Have the link to the VOD?

Description

Time

  • Played on: Feb. 27, 2020, 6:15 a.m.
  • Length: 5:45

All games in this series

Show
View Real Time Build Order
Export as new Build Order

Stats Protoss 

Build Orders: Phoenix Opening 

Get SALT Encoding   

  12  0:00  Probe  
  13  0:13  Probe  
  14  0:17  Pylon  
  14  0:25  Probe (Chrono Boost)  
  15  0:37  Probe (Chrono Boost), Gateway  
  16  0:45  Probe (Chrono Boost)  
  16  0:46  Assimilator  
  17  0:51  Probe  
  18  0:58  Assimilator  
  18  1:03  Probe (Chrono Boost)  
  19  1:07  Gateway  
  19  1:14  Probe (Chrono Boost)  
  20  1:19  Probe (Chrono Boost)  
  20  1:24  Cybernetics Core  
  21  1:29  Probe  
  22  1:33  Pylon  
  22  1:41  Probe  
  23  1:54  Probe  
  24  2:00  Warp Gate, Stalker x2  
  28  2:06  Pylon  
  28  2:11  Probe  
  29  2:32  Sentry  
  31  2:37  Sentry  
  31  2:41  Nexus  
  31  2:43  Probe  
  34  2:50  Pylon  
  34  2:59  Sentry  
  34  3:01  Shield Battery  
  36  3:08  Probe  
  36  3:11  Phoenix  
  36  3:21  Robotics Facility  
  36  3:25  Probe (Chrono Boost)  
  37  3:28  Shield Battery  
  38  3:35  Probe (Chrono Boost)  
  38  3:40  Probe (Chrono Boost)  
  39  3:52  Probe (Chrono Boost)  
  39  3:54  Probe (Chrono Boost)  
  41  3:56  Forge  
  41  4:01  Shield Battery  
  43  4:02  Probe (Chrono Boost)  
  43  4:03  Probe (Chrono Boost)  
  43  4:07  Probe (Chrono Boost)  
  43  4:08  Probe (Chrono Boost)  
  44  4:12  Observer  
  44  4:14  Stalker x2  
  50  4:21  Probe x2  
  50  4:24  Shield Battery  
  52  4:34  Immortal (Chrono Boost)  
  56  4:45  Probe x2  
  58  4:54  Pylon  
  58  4:55  Pylon  
  58  4:58  Twilight Council  
  58  5:05  Shield Battery  
  58  5:15  Adept x2  
  58  5:16  Gateway  
  62  5:31  Probe x2  
  54  5:35  Adept  
  54  5:36  Adept  
Show
View Real Time Build Order
Export as new Build Order

Has Protoss - Winner!

Build Orders: Phoenix Opening 

Get SALT Encoding   

  12  0:00  Probe  
  13  0:12  Probe  
  14  0:17  Pylon  
  14  0:24  Probe  
  15  0:35  Gateway  
  15  0:37  Probe (Chrono Boost)  
  16  0:46  Probe (Chrono Boost), Assimilator  
  17  0:51  Assimilator  
  17  0:53  Probe  
  18  1:04  Gateway  
  18  1:07  Probe (Chrono Boost)  
  20  1:19  Probe (Chrono Boost)  
  20  1:22  Cybernetics Core  
  20  1:24  Probe (Chrono Boost)  
  21  1:33  Probe  
  21  1:34  Pylon  
  22  1:46  Probe  
  23  1:58  Probe, Warp Gate, Adept x2  
  28  2:05  Pylon  
  28  2:18  Pylon  
  28  2:29  Sentry x2  
  31  2:40  Robotics Facility  
  31  2:52  Nexus  
  31  3:01  Shield Battery  
  31  3:16  Adept x2  
  35  3:22  Pylon  
  35  3:24  Warp Prism (Chrono Boost)  
  37  3:38  Gateway  
  37  3:39  Phoenix  
  37  3:47  Gateway  
  37  3:57  Sentry  
  39  4:04  Immortal (Chrono Boost)  
  43  4:12  Probe  
  43  4:16  Sentry  
  46  4:25  Pylon  
  46  4:31  Adept  
  48  4:42  Adept  
  48  4:43  Adept x2  
  52  4:53  Adept  
  54  5:03  Adept  
  54  5:04  Adept  
  54  5:05  Sentry  
  54  5:30  Adept x4  

Tags
 
Add a new tag
Caveats
  • Supply blocks, unpowered buildings, or Contaminate may cause inaccurate times.
  • Supply counts are checked every 10 seconds.